AoeStats
← Doak

Fortress

507836463Analyzed
4v4 RM · 12d ago on Sep 19, 2026· 42m 7s· 8 players
Game mode
Random Map
Map size
Huge
Population
200
Speed
Normal
Resources
Standard
Victory
Conquest
Starting age
Dark Age
Ending age
Imperial Age
RankedLock teamsTeams togetherTeam positionsShared explorationLock speedFull tech treeHidden civsTurbo modeCheats
Victory
Defeat
🇬🇧 Turks · United Kingdom
1331
+15
🇮🇪 Sicilians · Ireland
1317
+15
🇵🇪 Huns · Peru
1316
+15
🇩🇪 Malians · Germany
1310
+15
🇲🇽 Magyars · Mexico
1361
-17
🇧🇷 Bengalis · Brazil
1298
-15
🇧🇷 Georgians · Brazil
1270
-14
🇺🇸 Malay · United States
1265
-14
Cronik
8:22 Feudal Age
13:14 Castle Age
16:46 Imperial Age
15:13 Padded Archer Armor
15:27 Double-Bit Axe
16:03 Town Watch
16:24 Town Watch
22:23 Horse Collar
24:52 Bow Saw
28:21 Heavy Plow
30:40 Wheelbarrow
33:24 Hand Cart
35:15 Gold Mining
36:47 Leather Archer Armor
36:42 Elite Gbeto
37:44 Conscription
39:04 Scale Mail Armor
39:15 Forging
39:38 Ring Archer Armor
Lexi ní Anord
7:58 Feudal Age
8:26 Double-Bit Axe
8:22 Horse Collar
15:10 Castle Age
16:45 Wheelbarrow
17:27 Bow Saw
17:40 Heavy Plow
19:18 Hand Cart
22:15 Scale Barding Armor
22:17 Husbandry
25:34 Imperial Age
22:51 Loom
23:36 Bloodlines
24:16 Chain Barding Armor
25:03 Forging
25:48 Cavalier
27:06 Plate Barding Armor
26:54 Conscription
27:28 Hauberk
28:29 Crop Rotation
28:37 Iron Casting
31:08 Blast Furnace
31:14 Fletching
33:10 Bodkin Arrow
36:03 Caravan
38:01 Gold Mining
37:59 Light Cavalry
39:56 Gold Shaft Mining
40:56 Bracer
42:48 Chemistry
41:59 Masonry
Doak
7:45 Feudal Age
12:01 Castle Age
10:03 Horse Collar
11:00 Double-Bit Axe
12:10 Gold Mining
13:03 Bow Saw
19:21 Imperial Age
20:27 Padded Archer Armor
24:12 Leather Archer Armor
28:35 Loom
29:26 Wheelbarrow
28:59 Heavy Plow
32:05 Fletching
32:40 Hand Cart
32:11 Town Watch
33:11 Bodkin Arrow
35:02 Bloodlines
34:52 Husbandry
34:58 Bracer
35:29 Ring Archer Armor
36:46 Heavy Cavalry Archer
37:51 Parthian Tactics
38:00 Sipahi
38:00 Thumb Ring
39:53 Parthian Tactics
42:37 Masonry
42:50 Ballistics
lcastillov22
6:21 Feudal Age
12:22 Castle Age
11:41 Double-Bit Axe
13:28 Bow Saw
14:07 Wheelbarrow
14:28 Horse Collar
15:20 Loom
18:59 Heavy Plow
21:02 Hand Cart
23:10 Forging
24:58 Scale Barding Armor
25:29 Iron Casting
26:57 Chain Barding Armor
29:41 Imperial Age
27:30 Gold Mining
27:53 Marauders
30:50 Conscription
30:48 Husbandry
30:59 Bloodlines
31:51 Town Watch
32:46 Plate Barding Armor
31:37 Light Cavalry
33:01 Town Patrol
34:04 Blast Furnace
32:59 Hussar
34:16 Pikeman
34:56 Squires
34:42 Arson
Valhalla9
4:39 Loom
7:39 Feudal Age
7:49 Double-Bit Axe
7:47 Horse Collar
14:02 Castle Age
12:25 Gold Mining
13:21 Stone Mining
14:18 Wheelbarrow
15:54 Forging
15:45 Arson
22:50 Squires
29:50 Imperial Age
27:47 Husbandry
27:54 Scale Barding Armor
29:48 Iron Casting
29:37 Conscription
31:19 Elite Battle Elephant
33:42 Hand Cart
Seifer
5:49 Feudal Age
6:24 Double-Bit Axe
9:03 Loom
11:58 Castle Age
10:18 Horse Collar
12:51 Bow Saw
12:57 Heavy Plow
15:59 Wheelbarrow
16:06 Gold Mining
16:39 Town Watch
18:21 Corvinian Army
20:49 Stone Mining
22:07 Gold Shaft Mining
21:44 Scale Barding Armor
22:07 Fletching
23:25 Bodkin Arrow
24:46 Bloodlines
24:36 Husbandry
26:23 Thumb Ring
33:46 Imperial Age
Feijao
8:09 Feudal Age
12:03 Castle Age
10:17 Double-Bit Axe
10:35 Horse Collar
11:12 Gold Mining
11:31 Loom
12:52 Wheelbarrow
13:18 Bow Saw
13:12 Heavy Plow
15:51 Fervor
16:57 Town Watch
19:30 Hand Cart
19:48 Stone Mining
23:34 Gold Shaft Mining
26:03 Imperial Age
24:20 Fletching
24:31 Padded Archer Armor
25:10 Bloodlines
25:01 Husbandry
25:49 Bodkin Arrow
26:17 Ballistics
27:04 Scale Barding Armor
27:17 Leather Archer Armor
28:13 Chemistry
27:14 Bracer
27:16 Elite Ratha (Ranged)
28:19 Conscription
28:31 Paiks
29:50 Ring Archer Armor
30:22 Forging
30:33 Chain Barding Armor
32:53 Iron Casting
32:54 Plate Barding Armor
eletronvalente
2:48 Loom
7:05 Feudal Age
11:05 Castle Age
9:20 Double-Bit Axe
9:38 Horse Collar
9:44 Loom
17:06 Town Watch
19:00 Bow Saw
19:19 Heavy Plow
20:30 Wheelbarrow
21:51 Scale Mail Armor
22:02 Forging
22:46 Forging
24:00 Bloodlines
23:50 Husbandry
24:30 Scale Barding Armor
27:24 Chain Barding Armor
35:50 Imperial Age
36:06 Iron Casting
35:47 Chain Mail Armor
35:52 Chain Barding Armor
37:05 Conscription
39:10 Blast Furnace
38:41 Plate Mail Armor
38:57 Fletching
Connection lost

Rejoining the realm…

Still unreachable

The connection could not be restored.

Session expired

The server has moved on; the page needs a fresh start.